 Dungeon Crawl Stone Soup version 0.25-a0-614-g73ad250637 (webtiles) character file.

Game seed: 5923930912125351189, levelgen mode: deterministic

182 kae the Insei (level 5, 0/63 HPs)
             Began as a Demonspawn Monk on Mar 17, 2020.
             Succumbed to a water moccasin's poison
             ... on level 2 of the Dungeon.
             The game lasted 00:01:19 (1552 turns).

kae the Insei (Demonspawn Monk)                     Turns: 1552, Time: 00:01:19

Health: 0/63       AC: 22    Str: 12    XL:     5   Next: 35%
Magic:  2/5        EV:  2    Int: 12    God:
Gold:   124        SH:  0    Dex: 15    Spells: 4/4 levels left

rFire    + . .     SeeInvis .   c - +5 dagger (venom)
rCold    x . .     Gourm    .   (no shield)
rNeg     + + +     Faith    .   (armour currently unavailable)
rPois    +         Spirit   +   (helmet currently unavailable)
rElec    .         Reflect  .   (cloak currently unavailable)
rCorr    .         Harm     .   (gloves currently unavailable)
MR       .....     NoTele   +   (boots currently unavailable)
Stlth    +++.......             i - amulet of guardian spirit
HPRegen  0.20/turn              k - ring of stealth
MPRegen  0.09/turn              l - ring of fire

@: mighty, lethally poisoned (0 -> -3), tree-form (expiring)
A: flame cloud immunity
a: no special abilities


You were on level 2 of the Dungeon.
You were not hungry.
You were a tree.
You visited 1 branch of the dungeon, and saw 2 of its levels.

You collected 124 gold pieces.

Inventory:

Hand Weapons
 c - a +5 dagger of venom (weapon)
Armour
 a - a +0 robe (melded)
Jewellery
 i - an amulet of guardian spirit (around neck)
 k - a ring of stealth (left branch)
 l - a ring of fire (right branch)
Scrolls
 d - a scroll of fear
 g - a scroll of identify
Comestibles
 b - 6 rations
 f - 2 chunks of flesh


   Skills:
 + Level 4.2 Fighting
 - Level 2.6 Dodging
 - Level 1.7 Stealth
 * Level 4.8 Unarmed Combat


You had 4 spell levels left.
You didn't know any spells.
Your spell library was empty.

Dungeon Overview and Level Annotations

Branches:
Dungeon (2/15)

Altars:
Kikubaaqudgha


Innate Abilities, Weirdness & Mutations

((You have sharp fingernails.))
((Your flesh is heat resistant. (rF+)))
You are immune to clouds of flame.
((When seriously injured, your bleeding wounds create armour. (AC +0)))


Message History

You feel sick.
* * * LOW HITPOINT WARNING * * *
You feel sick.
You cannot move.
* * * LOW HITPOINT WARNING * * *
You feel sick.
* * * LOW HITPOINT WARNING * * *
You feel sick.
* * * LOW HITPOINT WARNING * * *
You feel sick.
* * * LOW HITPOINT WARNING * * *
You feel sick.
Your transformation is almost over.
* * * LOW HITPOINT WARNING * * *
You feel sick.
Okay, then.
As you read the scroll labeled LUSHAT ADIBOHU, it crumbles to dust.
It is a scroll of enchant weapon.
Your +4 dagger of venom glows red for a moment.
You die...

#.##########
#..........#
#.########.# ######.###
#.# #........######.#
#######.######.##÷÷...#
..>...#.# #'##.#####
........#≈≈≈≈≈###.#
.......♣#....≈ #.#
.......†#....≈###.######
........#....≈#.........
####....+#######..######
....... #..# ........
#..# ......... #..#
....?..... #..# #..#


There were no monsters in sight!

Vanquished Creatures
  A water moccasin (D:2)
  4 adders (D:2)
  3 dart slugs (D:1)
  3 leopard geckos
  3 goblins
  3 hobgoblins
  2 jackals (D:2)
  5 kobolds
  3 ball pythons
  6 bats
  A rat (D:1)
34 creatures vanquished.

Notes
Turn   | Place    | Note
-------+----------+-------------------------------------------
     0 | D:1      | kae the Demonspawn Monk began the quest for the Orb.
     0 | D:1      | Reached XP level 1. HP: 18/18 MP: 1/1
   253 | D:1      | Gained mutation: You have sharp fingernails. [demonic
                  | ancestry]
   253 | D:1      | Reached XP level 2. HP: 24/24 MP: 2/2
   958 | D:2      | Gained mutation: Your flesh is heat resistant. (rF+)
                  | [demonic ancestry]
   958 | D:2      | Reached XP level 3. HP: 17/29 MP: 0/3
  1268 | D:2      | Found an ancient bone altar of Kikubaaqudgha.
  1361 | D:2      | Gained mutation: You are immune to clouds of flame.
                  | [demonic ancestry]
  1361 | D:2      | Reached XP level 4. HP: 27/37 MP: 1/4
  1525 | D:2      | Noticed a water moccasin
  1538 | D:2      | Killed a water moccasin
  1538 | D:2      | Gained mutation: When seriously injured, your bleeding
                  | wounds create armour. (AC +0) [demonic ancestry]
  1538 | D:2      | Reached XP level 5. HP: 9/42 MP: 0/5
  1544 | D:2      | HP: 3/63 [poisoned by a water moccasin]
  1548 | D:2      | HP: 1/63 [poisoned by a water moccasin]
  1552 | D:2      | Succumbed to a water moccasin's poison

Levels and vault maps discovered:
D:1:      lightli_arrival_quake, layout_rooms, minmay_hexomino_p4
D:2:      layout_basic, lemuel_crystal_altar, first_ration,
          chequers_serial_rivers_room_a

Skill      XL: |  1  2  3  4 |
---------------+-------------+-----
Unarmed Combat | 3 4 |  4.8
Fighting       | 4 |  4.2
Dodging        | |  2.6
Stealth        | |  1.7

Action                   |  1- 3 |  4- 6 || total
-------------------------+-------+-------++-------
Melee: Unarmed           |    69 |       ||    69
       Dagger            |    16 |    12 ||    28
  Use: Scroll            |     5 |     1 ||     6
       Potion            |       |     2 ||     2
 Stab: Sleeping          |     7 |       ||     7
  Eat: Chunk             |     1 |     1 ||     2
Armor: Robe              |    17 |       ||    17
       Skin              |       |     4 ||     4
Dodge: Dodged            |    54 |     2 ||    56

Table legend:
 A = Non-vault XP
 B = Vault XP
 C = Vault XP percentage of total XP
 D = Non-vault monster count
 E = Vault monster count
 F = Vault count percentage of total count
                 A         B        C        D         E       F
            +---------+---------+-------+---------+---------+-------
      Total |     256 |       5 |   1.9 |      31 |       3 |   8.8
            +---------+---------+-------+---------+---------+-------
        D:1 |      34 |       5 |  12.8 |      17 |       3 |  15.0
        D:2 |     222 |       0 |   0.0 |      14 |       0 |   0.0
            +---------+---------+-------+---------+---------+-------
